[Event "EYTCC U18 Open 2019"]
[Site "Pardubice"]
[Date "2019.07.16"]
[Round "6.32"]
[White "Runets, Ivan"]
[Black "Vrolijk, Liam"]
[Result "0-1"]
[ECO "D85"]
[WhiteElo "2239"]
[BlackElo "2478"]
[Annotator "ChessBase"]
[PlyCount "90"]
[EventDate "2019.07.11"]
[EventType "swiss"]
[EventCountry "CZE"]
[SourceTitle "playchess.com"]
[Source "ChessBase"]
[SourceQuality "1"]
[WhiteTeam "Belarus"]
[BlackTeam "Netherlands"]
[WhiteTeamCountry "BLR"]
[BlackTeamCountry "NED"]
[TimeControl "40/5400+30:1800+30"]

1. d4 Nf6 2. c4 g6 3. Nc3 d5 4. cxd5 Nxd5 5. Nf3 Bg7 6. g3 O-O 7. Bg2 Nc6 8. O-O e5 9. Nxe5 Nxc3 10. bxc3 Nxe5 11. dxe5 Qxd1 12. Rxd1 Bxe5 13. Bf4 Bxf4 14. gxf4 Rb8 15. Rd4 c5 16. Ra4 a6 17. Rd1 b5 18. Ra5 Rb6 19. Rd5 c4 20. Rd4 Bg4 21. e3 Rc8 22. a3 Kf8 23. Be4 Ke7 24. Kg2 Rd8 25. Rxd8 Kxd8 26. a4 Bd7 27. axb5 axb5 28. Ra7 Be6 29. Kf3 b4 30. cxb4 Rxb4 31. Ra6 h5 32. Ke2 Rb2+ 33. Ke1 Kd7 34. Ra7+ Kd6 35. Ra6+ Kc5 36. Rc6+ Kb5 37. Rc7 Kb4 38. Rb7+ Kc3 39. Rc7 Rb6 40. f5 gxf5 41. Bf3 h4 42. Be2 Rb1+ 43. Bd1 f4 44. f3 fxe3 45. Ke2 Kd4 0-1

[Event "EYTCC U18 Open 2019"]
[Site "Pardubice"]
[Date "2019.07.16"]
[Round "6.33"]
[White "Blohberger, Felix"]
[Black "Subelj, Jan"]
[Result "1/2-1/2"]
[ECO "C48"]
[WhiteElo "2476"]
[BlackElo "2425"]
[Annotator "ChessBase"]
[PlyCount "92"]
[EventDate "2019.07.11"]
[EventType "swiss"]
[EventCountry "CZE"]
[SourceTitle "playchess.com"]
[Source "ChessBase"]
[SourceQuality "1"]
[WhiteTeam "Austria"]
[BlackTeam "Slovenia"]
[WhiteTeamCountry "AUT"]
[BlackTeamCountry "SLO"]
[TimeControl "40/5400+30:1800+30"]

1. e4 e5 2. Nf3 Nc6 3. Nc3 Nf6 4. Bb5 Bd6 5. d3 a6 6. Ba4 O-O 7. O-O Re8 8. a3 Bf8 9. h3 d6 10. Be3 b5 11. Bb3 h6 12. Qd2 Be6 13. Bxe6 Rxe6 14. Nd5 Ne7 15. Nxf6+ Rxf6 16. a4 Ng6 17. Qe2 d5 18. Bd2 b4 19. Rfe1 b3 20. exd5 bxc2 21. Nxe5 Nxe5 22. Qxe5 Rd6 23. Qc3 Rxd5 24. Qxc2 Rxd3 25. Rad1 Rb8 26. Bc3 Rxd1 27. Rxd1 Qe8 28. Rd4 c5 29. Re4 Qc6 30. Qd3 Rd8 31. Qxd8 Qxe4 32. Qd1 Kh7 33. g3 Be7 34. Qg4 Qb1+ 35. Kg2 Bf6 36. Bxf6 gxf6 37. Qc4 Kg7 38. Qg4+ Kh7 39. Qc4 Kg7 40. b3 Qd1 41. Qxc5 Qxb3 42. Qc6 a5 43. Qe4 h5 44. Qc6 Qd3 45. h4 Qb3 46. Qb5 Qxb5 1/2-1/2

[Event "EYTCC U18 Open 2019"]
[Site "Pardubice"]
[Date "2019.07.16"]
[Round "6.34"]
[White "Stevanic, David"]
[Black "Horvath, Dominik"]
[Result "1/2-1/2"]
[ECO "C50"]
[WhiteElo "2306"]
[BlackElo "2424"]
[Annotator "ChessBase"]
[PlyCount "106"]
[EventDate "2019.07.11"]
[EventType "swiss"]
[EventCountry "CZE"]
[SourceTitle "playchess.com"]
[Source "ChessBase"]
[SourceQuality "1"]
[WhiteTeam "Slovenia"]
[BlackTeam "Austria"]
[WhiteTeamCountry "SLO"]
[BlackTeamCountry "AUT"]
[TimeControl "40/5400+30:1800+30"]

1. e4 e5 2. Nf3 Nc6 3. Bc4 Bc5 4. d3 Nf6 5. O-O d6 6. c3 h6 7. Bb3 O-O 8. h3 a5 9. a4 Be6 10. Bc2 d5 11. Qe2 Re8 12. Rd1 d4 13. Nbd2 Qd7 14. Bb3 Rad8 15. Bxe6 Qxe6 16. Nf1 Bf8 17. Ng3 g6 18. Nh2 Nd7 19. f4 exf4 20. Bxf4 Bd6 21. Qf2 Bxf4 22. Qxf4 Qe5 23. Qf2 Qf6 24. Qxf6 Nxf6 25. Nf3 Ne5 26. Nxe5 Rxe5 27. Ne2 dxc3 28. bxc3 Nd7 29. Ng3 Rc5 30. Ra3 Rc6 31. d4 Rb6 32. Rf1 h5 33. Rf4 Nf6 34. Kh2 Re8 35. Kg1 h4 36. Rxh4 g5 37. Rh6 Rb1+ 38. Kh2 Nxe4 39. Nxe4 Rxe4 40. Rf6 Kg7 41. Rf5 Kg6 42. Rxa5 c6 43. Ra2 f5 44. Rf2 f4 45. g3 fxg3+ 46. Kxg3 Re3+ 47. Kh2 Rxc3 48. Rg2 b5 49. axb5 cxb5 50. Ra8 Rbb3 51. Rg8+ Kf7 52. R2xg5 Rxh3+ 53. Kg2 Rhd3 1/2-1/2

[Event "EYTCC U18 Open 2019"]
[Site "Pardubice"]
[Date "2019.07.16"]
[Round "6.35"]
[White "Morgunov, Daniel"]
[Black "Tisaj, Domen"]
[Result "1-0"]
[ECO "B32"]
[WhiteElo "2316"]
[BlackElo "2232"]
[Annotator "NA"]
[PlyCount "97"]
[EventDate "2019.07.11"]
[EventType "swiss"]
[EventCountry "CZE"]
[SourceTitle "playchess.com"]
[Source "ChessBase"]
[SourceQuality "1"]
[WhiteTeam "Austria"]
[BlackTeam "Slovenia"]
[WhiteTeamCountry "AUT"]
[BlackTeamCountry "SLO"]
[TimeControl "40/5400+30:1800+30"]

1. e4 c5 2. Nf3 Nc6 3. d4 cxd4 4. Nxd4 e5 5. Nb5 d6 6. c4 Be7 7. N5c3 Nf6 8. Bd3 Be6 9. O-O Nd7 10. Nd5 O-O 11. Nxe7+ Qxe7 12. Nc3 Nc5 13. Be3 Nxd3 14. Qxd3 f5 15. exf5 Bxf5 16. Qd2 Qe6 17. b3 Qg6 18. f3 Rad8 19. Kh1 a6 20. Rad1 Kh8 21. Nd5 h6 22. Qc3 e4 23. f4 Bg4 24. Rde1 Be6 25. Bb6 Rde8 26. Ne3 Ne7 27. Bd4 Rc8 28. Qb4 Nc6 29. Qb6 Bf5 30. Bc3 Rf7 31. Rf2 Re8 32. Rd1 Bg4 33. Rdf1 Qh5 34. Nd5 Be2 35. Rg1 Bd3 36. g4 Qh4 37. Qe3 Kg8 38. g5 Ne5 39. Bxe5 dxe5 40. f5 hxg5 41. Rxg5 b5 42. Rfg2 Rd8 43. f6 Rdd7 44. R2g4 Qh7 45. Rxe5 bxc4 46. Re8+ Rf8 47. Rxf8+ Kxf8 48. Qc5+ Kf7 49. Rxg7+ 1-0

[Event "EYTCC U18 Open 2019"]
[Site "Pardubice"]
[Date "2019.07.16"]
[Round "6.36"]
[White "Marn, Jan"]
[Black "Morgunov, Marc"]
[Result "1/2-1/2"]
[ECO "E44"]
[WhiteElo "2215"]
[BlackElo "2314"]
[Annotator "NA"]
[PlyCount "70"]
[EventDate "2019.07.11"]
[EventType "swiss"]
[EventCountry "CZE"]
[SourceTitle "playchess.com"]
[Source "ChessBase"]
[SourceQuality "1"]
[WhiteTeam "Slovenia"]
[BlackTeam "Austria"]
[WhiteTeamCountry "SLO"]
[BlackTeamCountry "AUT"]
[TimeControl "40/5400+30:1800+30"]

1. d4 Nf6 2. c4 e6 3. Nc3 Bb4 4. e3 b6 5. Nge2 Ne4 6. Qc2 Bb7 7. a3 Bxc3+ 8. Nxc3 Nxc3 9. Qxc3 d6 10. b4 a5 11. b5 Nd7 12. Bb2 Qh4 13. Qc2 O-O 14. Bd3 Bxg2 15. Rg1 Bf3 16. Rg3 Qh5 17. Kd2 f5 18. Rag1 g6 19. Kc1 Kh8 20. Qd2 Qxh2 21. Qe1 Be4 22. Rxg6 Rae8 23. Bxe4 fxe4 24. R6g2 Qh5 25. Rh1 Qf5 26. Qd1 Rg8 27. Rh5 Rxg2 28. d5+ Ne5 29. Rxf5 exf5 30. Qh5 Rf8 31. Qh6 Rf7 32. Qe6 Kg8 33. Qe8+ Rf8 34. Qe6+ Rf7 35. Qe8+ Rf8 1/2-1/2